 Dungeon Crawl Stone Soup version 0.31-a0-198-g2ad674f65e (webtiles) character file.

Game seed: 6293570745654683746

725 qw the Skirmisher (level 7, 0/40 HPs)
             Began as a Deep Elf Hunter on June 25, 2023.
             Slain by a black bear (5 damage)
             ... on level 5 of the Dungeon.
             The game lasted 00:01:25 (3415 turns).

qw the Skirmisher (Deep Elf Hunter)                 Turns: 3415, Time: 00:01:25

Health: 0/40       AC:  9    Str: 10    XL:     7   Next: 43%
Magic:  9/9        EV: 11    Int: 14    God:
Gold:   253        SH:  0    Dex: 18    Spells: 6/6 levels left

rFire   . . .        Y - +0 shortbow
rCold   . . .        (shield currently unavailable)
rNeg    . . .        b - +0 ring mail
rPois   .            m - +0 helmet
rElec   .            c - +0 cloak
rCorr   +            (no gloves)
SInv    .            d - +1 pair of boots
Will    .....        k - amulet of regeneration
Stlth   +            o - ring of resist corrosion
HPRegen 1.06/turn    (no ring)
MPRegen 0.11/turn

%: no passive effects
@: no status effects
A: no striking features
a: no special abilities


You were on level 5 of the Dungeon.
You visited 1 branch of the dungeon, and saw 5 of its levels.

You collected 253 gold pieces.


   Skills:
 - Level 2.5 Fighting
 - Level 11.3 Ranged Weapons
 - Level 1.0 Armour
 + Level 2.5 Dodging
 - Level 1.2 Stealth


You had 6 spell levels left.
You didn't know any spells.
Your spell library was empty.

Inventory:

Hand Weapons
 Y - a +0 shortbow (weapon)
Armour
 b - a +0 ring mail (worn)
 c - a +0 cloak (worn)
 d - a +1 pair of boots (worn)
 m - a +0 helmet (worn)
Jewellery
 k - an amulet of regeneration (around neck)
 o - a ring of resist corrosion (left hand)
Scrolls
 a - 3 scrolls of identify
Potions
 f - a potion of mutation
 g - a potion of resistance
 h - a potion of might
 i - 2 potions of cancellation
 j - a potion of haste
 l - a potion of curing

Dungeon Overview and Level Annotations

Branches:
Dungeon (5/15)
 Temple: D:4-7

Altars:
Cheibriados
Kikubaaqudgha

Annotations:
D:4 1 runed translucent door, qw's ghost, amateur GrFi


Message History

You shoot an arrow. The arrow hits the black bear.
The black bear is moderately wounded.
You shoot an arrow. The arrow hits the black bear.
The black bear is heavily wounded.
The black bear bites you but does no damage.
The black bear barely misses you. The black bear closely misses you.
You shoot an arrow. The arrow barely misses the black bear.
The black bear bites you. The black bear barely misses you. x2
You shoot an arrow. The arrow barely misses the black bear.
The black bear bites you.
The black bear claws you but does no damage. x2
You shoot an arrow. The arrow hits the black bear.
The black bear is heavily wounded.
The black bear closely misses you.
The black bear claws you but does no damage.
The black bear claws you.
You shoot an arrow.
The arrow closely misses the black bear.
The black bear bites you. The black bear closely misses you.
The black bear barely misses you.
You shoot an arrow.
The arrow hits the black bear but does no damage.
The black bear is moderately wounded.
The black bear bites you! The black bear barely misses you.
The black bear claws you but does no damage.
You shoot an arrow. The arrow hits the black bear!
The black bear is almost dead.
The black bear goes berserk!
You shoot an arrow.
The arrow completely misses the black bear.
The black bear bites you but does no damage.
The black bear claws you. The black bear barely misses you.
The black bear bites you but does no damage.
The black bear claws you. x2
You shoot an arrow. The arrow hits the black bear.
The black bear is almost dead.
The black bear bites you!
The black bear claws you but does no damage.
The black bear claws you.
You die...

.....# ......#
......## ##
.......
##.##....# #~
........#...
#..........
##<.[......
#.h@.......
...............
......##.......
....... ###.<$.
....... ...
....... ..
....... . ....


You could see a black bear (berserk).

Vanquished Creatures
  Pikel (D:4)
  A phantom (D:4)
  An orc priest (D:3)
  Ijyb (D:3)
  An orc wizard (D:3)
  3 adders
  An ufetubus (D:4)
  2 worms
  5 dart slugs
  10 orcs
  8 endoplasms
  4 giant cockroaches
  7 goblins
  7 hobgoblins
  2 jackals (D:1)
  3 quokkas
  4 ball pythons
  9 bats
  4 frilled lizards
  6 kobolds
  6 rats
86 creatures vanquished.

Notes
Turn   | Place    | Note
-------+----------+-------------------------------------------
     0 | D:1      | qw the Deep Elf Hunter began the quest for the Orb.
     0 | D:1      | Reached XP level 1. HP: 12/12 MP: 3/3
     0 | D:1      | 0 ||| qw: Version: 0.3-a-22-g0ed2b0b
     0 | D:1      | 0 ||| qw: Game counter: 5383
     0 | D:1      | 0 ||| qw: Melee chars always use a shield: true
     0 | D:1      | 0 ||| qw: God list: Okawaru
     0 | D:1      | 0 ||| qw: Allow faded altars: false
     0 | D:1      | 0 ||| qw: Do Orc after clearing Dungeon:15 true
     0 | D:1      | 0 ||| qw: Do second Lair branch before Depths: true
     0 | D:1      | 0 ||| qw: Lair rune preference: random
     0 | D:1      | 0 ||| qw: Goals: Normal
     0 | D:1      | 0 ||| PLANNING D:1-11
   283 | D:1      | Reached XP level 2. HP: 16/16 MP: 4/4
   293 | D:1      | Reached skill level 6 in Ranged Weapons
   609 | D:1      | 609 ||| UPGRADING to +0 pair of boots.
   614 | D:1      | 614 ||| UPGRADING to amulet of regeneration.
   619 | D:1      | 619 ||| READING 5 scrolls labelled LOIGEXAOVU.
   620 | D:1      | 620 ||| DRINKING 3 white potions.
   629 | D:1      | 629 ||| READING 4 scrolls of identify.
   629 | D:1      | 629 ||| IDENTIFYING glowing sapphire potion
   630 | D:1      | 630 ||| READING 3 scrolls of identify.
   630 | D:1      | 630 ||| IDENTIFYING grey potion
   631 | D:1      | 631 ||| READING 2 scrolls of identify.
   631 | D:1      | 631 ||| IDENTIFYING clear potion
   632 | D:1      | 632 ||| DROPPING scroll of butterflies.
   633 | D:1      | 633 ||| DROPPING 2 potions of ambrosia.
   634 | D:1      | 634 ||| DROPPING potion of degeneration.
   649 | D:2      | Reached XP level 3. HP: 20/20 MP: 5/5
   690 | D:2      | 690 ||| FLEEEEING.
   691 | D:2      | 691 ||| FLEEEEING.
   692 | D:2      | 692 ||| FLEEEEING.
   740 | D:2      | Reached skill level 7 in Ranged Weapons
  1194 | D:2      | 1194 ||| READING 2 scrolls labelled IZUDUR ZAMPEA.
  1195 | D:2      | 1195 ||| READING scroll of enchant armour.
  1195 | D:2      | 1195 ||| ENCHANTING +0 pair of boots.
  1196 | D:2      | 1196 ||| READING scroll labelled DODUIPLYUZA.
  1197 | D:2      | 1197 ||| READING 2 scrolls of identify.
  1197 | D:2      | 1197 ||| IDENTIFYING pink potion
  1250 | D:3      | Identified the +6 whip of Adgheg {speed, rN+ rCorr Dex-4}
  1274 | D:3      | 1274 ||| FLEEEEING.
  1275 | D:3      | 1275 ||| FLEEEEING.
  1290 | D:3      | Reached XP level 4. HP: 17/25 MP: 6/6
  1303 | D:3      | Noticed Ijyb
  1331 | D:3      | Killed Ijyb
  1332 | D:3      | Reached skill level 8 in Ranged Weapons
  1378 | D:3      | Found an ancient bone altar of Kikubaaqudgha.
  1385 | D:3      | Reached XP level 5. HP: 29/29 MP: 7/7
  1413 | D:3      | 1413 ||| UPGRADING to +0 ring mail.
  1414 | D:3      | 1414 ||| UPGRADING to +0 ring mail.
  1426 | D:3      | 1426 ||| DROPPING +0 leather armour.
  1427 | D:3      | 1427 ||| READING 2 scrolls of identify.
  1427 | D:3      | 1427 ||| IDENTIFYING bubbling silvery potion
  1616 | D:3      | Found a faded altar of an unknown god.
  1617 | D:3      | 1617 ||| READING scroll labelled MIHAATH IMOR.
  2022 | D:3      | 2022 ||| UPGRADING to +0 cloak.
  2027 | D:3      | 2027 ||| UPGRADING to +0 helmet.
  2032 | D:3      | 2032 ||| READING 2 scrolls of identify.
  2032 | D:3      | 2032 ||| IDENTIFYING black potion
  2033 | D:3      | 2033 ||| DROPPING potion of brilliance.
  2252 | D:3      | 2252 ||| Stepping randomly (stuck).
  2256 | D:3      | Reached skill level 1 in Armour
  2275 | D:3      | 2275 ||| Stepping randomly (stuck).
  2630 | D:4      | Noticed a lemure
  2631 | D:4      | Noticed a lemure
  2632 | D:4      | Noticed Pikel
  2634 | D:4      | Noticed a lemure
  2641 | D:4      | Noticed a lemure
  2646 | D:4      | HP: 7/29 [Pikel/+1 whip of flaming (1)]
  2647 | D:4      | Killed Pikel
  2648 | D:4      | Reached skill level 11 in Ranged Weapons
  2648 | D:4      | Reached XP level 6. HP: 9/34 MP: 8/8
  2648 | D:4      | Reached XP level 7. HP: 10/38 MP: 9/9
  2733 | D:4      | Found a snail-covered altar of Cheibriados.
  3072 | D:4      | Found a runed translucent door.
  3145 | D:4      | Noticed qw's ghost (amateur GrFi)
  3315 | D:4      | 3315 ||| UPGRADING to ring of resist corrosion.
  3316 | D:4      | 3316 ||| READING scroll labelled LITTUL OSUED.
  3357 | D:4      | 3357 ||| READING scroll labelled CEDAUN BI APH.
  3358 | D:4      | 3358 ||| DRINKING 2 glowing clear potions.
  3359 | D:4      | 3359 ||| READING 4 scrolls of identify.
  3359 | D:4      | 3359 ||| IDENTIFYING purple potion
  3399 | D:5      | Entered Level 5 of the Dungeon
  3415 | D:5      | HP: 5/40 [black bear (11)]
  3415 | D:5      | Slain by a black bear

Levels and vault maps discovered:
D:1:      dpeg_arrival_tiny_k, layout_loops_ring, roderic_serpentine_path,
          glass_columns_a, st_stairs_13
D:2:      layout_loops_ring
D:3:      layout_basic, amcnicky_altar_gilded, nicolae_ecumenical_oubliette,
          serial_park_tiny_2, uniq_ijyb
D:4:      minmay_general_purpose_star, layout_basic, kennysheep_mini_moat,
          ebering_ghost_sewer_d, uniq_pikel
D:5:      layout_cave_pools, makhleb_blood_cavern_becter,
          minmay_temple_entry_antechambers, chequers_serial_rivers_large_b,
          uniq_edmund

Skill      XL: |  1  2  3  4  5  6  7 |
---------------+----------------------+-----
Ranged Weapons | 6 7 8 11 | 11.3
Armour         | 1 |  1.0
Fighting       | 2 |  2.5
Dodging        | |  2.5
Stealth        | |  1.2

Action                     |  1- 3 |  4- 6 |  7- 9 || total
---------------------------+-------+-------+-------++-------
   Fire: Shortbow          |    97 |   118 |    65 ||   280
    Use: Scroll            |     8 |     3 |     3 ||    14
         Potion            |     1 |       |     1 ||     2
 Armour: Leather armour    |     5 |     2 |       ||     7
         Ring mail         |       |    28 |    15 ||    43
  Dodge: Dodged            |    10 |    54 |    24 ||    88

Table legend:
 A = Non-vault XP
 B = Vault XP
 C = Vault XP percentage of total XP
 D = Non-vault monster count
 E = Vault monster count
 F = Vault count percentage of total count
                 A         B        C        D         E       F
            +---------+---------+-------+---------+---------+-------
      Total |     372 |     664 |  64.1 |      79 |       7 |   8.1
            +---------+---------+-------+---------+---------+-------
        D:1 |      30 |       1 |   3.2 |      20 |       1 |   4.8
        D:2 |      52 |       0 |   0.0 |      13 |       0 |   0.0
        D:3 |     136 |      36 |  20.9 |      25 |       1 |   3.8
        D:4 |     152 |     627 |  80.5 |      20 |       5 |  20.0
        D:5 |       2 |       0 |   0.0 |       1 |       0 |   0.0
            +---------+---------+-------+---------+---------+-------
